 Dungeon Crawl Stone Soup version 0.32-a0-834-geaf45d8e21 (webtiles) character file.

Game seed: 13412720953324851596

315 AstroCodex24 the Trooper (level 6, -21/48 HPs)
             Began as a Vampire Fighter on Mar 26, 2024.
             Demolished by an ogre
             ... wielding a +0 giant club
              (23 damage)
             ... on level 5 of the Dungeon.
             The game lasted 00:04:16 (815 turns).

AstroCodex24 the Trooper (Vampire Fighter)           Turns: 815, Time: 00:04:16

Health: -21/48     AC:  6    Str: 17    XL:     6   Next: 20%
Magic:  6/6        EV:  8    Int: 10    God:
Gold:   35         SH:  4    Dex: 14    Spells: 5/5 levels left

rFire   . . .        a - +0 war axe
rCold   . . .        c - +0 buckler
rNeg    . . .        b - +0 scale mail
rPois   .            (no helmet)
rElec   .            (no cloak)
rCorr   .            (no gloves)
SInv    +            (no boots)
Will    .....        (no amulet) Stlth
                     (no ring)
HPRegen 0.48/turn    (no ring)
MPRegen 0.10/turn

%: no passive effects
@: healing quickly
A: alive, fangs 3, see invisible, vampiric 2
a: Exsanguinate


You were on level 5 of the Dungeon.
You visited 1 branch of the dungeon, and saw 6 of its levels.

You collected 35 gold pieces.

Inventory:

Hand Weapons
 a - a +0 war axe (weapon)
Armour
 b - a +0 scale mail (worn)
 c - a +0 buckler (worn)
Scrolls
 d - a scroll of blinking {unknown}
 e - 2 scrolls of identify {unknown}
 f - 3 scrolls of amnesia {unknown}
 h - a scroll of poison {unknown}
 i - a scroll of enchant weapon {unknown}


   Skills:
 + Level 3.7 Fighting
 + Level 3.6 Axes
 + Level 3.4 Armour
 + Level 1.2 Dodging
 + Level 0.1 Stealth
 + Level 3.5 Shields


You had 5 spell levels left.
You didn't know any spells.
Your spell library was empty.

Dungeon Overview and Level Annotations

Branches:
Dungeon (6/15)
 Temple: D:4-7

Altars:


Innate Abilities, Weirdness & Mutations

Your natural rate of healing is accelerated.
You have razor-sharp teeth.
You have supernaturally acute eyesight. (SInv)
You are afflicted with vampirism and can become a bat while bloodless.


Message History

There is an open door here.
A dart slug comes into view.
The dart slug launches a dart at you. The slug dart hits you.
The dart slug launches a dart at you.
The slug dart hits you but does no damage.
The dart slug launches a dart at you.
The slug dart hits you but does no damage.
The dart slug launches a dart at you.
The slug dart hits you but does no damage.
You slash the dart slug!
You kill the dart slug!
Found a leather armour.
Found a scroll labelled GOCUHO KANIEPS.
Found 13 gold pieces.
i - a scroll labelled GOCUHO KANIEPS
Found a sedimented orange potion.
An ogre comes into view. It is wielding a +0 giant club.
You see here 13 gold pieces.
You see here 13 gold pieces.
It was a potion of heal wounds.
You feel much better. The ogre hits you with a +0 giant club!
You barely miss the ogre. You bite the ogre.
The ogre is lightly wounded.
You block the ogre's attack.
You hit the ogre.
The ogre is moderately wounded.
The ogre hits you with a +0 giant club.
You hit the ogre.
The ogre is heavily wounded.
The ogre hits you with a +0 giant club.
You hit the ogre but do no damage. You bite the ogre, but do no damage.
The ogre is heavily wounded.
The ogre hits you with a +0 giant club!!
Ouch! That really hurt!
* * * LOW HITPOINT WARNING * * *
You hit the ogre.
The ogre is heavily wounded.
The ogre hits you with a +0 giant club!!
You die...

# !.. #. ... .. ....# .
♣~~ .[...... #.♣~♣ .~~....
#.#.♣♣ ~P♣... ....♣ ♣...#
#..#######.##♣♣ #...
#.......$.....♣♣♣♣♣#####.#
........O@................
#.###...#.................
#~P.♣#............###..
#~P~. ♣......##..#.###..
♣~~~.P~P.....##..#......
♣P~~.~P~~....##..#.###..
~~~~.P~~~....##..#.# #.#
~.~~~~....##..#.# #.#
~~P♣........#.# ###


You could see an ogre.

Vanquished Creatures
  A black bear (D:4)
  A hound (D:5)
  2 orc priests
  An iguana (D:5)
  An orc wizard (D:3)
  2 hound skeletons (D:3)
  4 adders
  2 dart slugs
  2 orcs (D:3)
  3 ball pythons
  2 bats
  An endoplasm (D:4)
  3 giant cockroaches
  2 goblins
  A hobgoblin (D:1)
  A quokka (D:3)
  A rat (D:3)
30 creatures vanquished.

Notes
Turn   | Place    | Note
-------+----------+-------------------------------------------
     0 | D:1      | AstroCodex24 the Vampire Fighter began the quest for the
                  | Orb.
     0 | D:1      | Reached XP level 1. HP: 17/17 MP: 1/1
   122 | D:2      | Reached XP level 2. HP: 17/24 MP: 2/2
   334 | D:3      | Gained mutation: You are afflicted with vampirism and can
                  | become a bat while bloodless. [Vampire growth]
   334 | D:3      | Reached XP level 3. HP: 17/29 MP: 3/3
   429 | D:3      | Reached XP level 4. HP: 35/35 MP: 4/4
   469 | D:4      | Reached XP level 5. HP: 29/41 MP: 5/5
   487 | D:4      | Noticed a black bear
   501 | D:4      | Killed a black bear
   502 | D:4      | Reached skill level 1 in Dodging
   690 | D:5      | Entered Level 5 of the Dungeon
   705 | D:5      | Reached XP level 6. HP: 48/48 MP: 6/6
   814 | D:5      | HP: 1/48 [ogre/+0 giant club (24)]
   815 | D:5      | Demolished by an ogre

Illustrated notes

Levels and vault maps discovered:
D:1:      nicolae_arrival_somewhat_less_tricky_arrival, layout_basic,
          nicolae_shop_unique_rings, nicolae_the_louvre
D:2:      layout_loops_ring, uniq_natasha, uniq_sigmund
D:3:      layout_loops_corners, serial_undead, serial_undead_d, serial_undead_e,
          serial_undead_d, serial_undead_f, serial_undead_e, serial_undead_b,
          serial_shops, nicolae_square_shop, serial_bayou_pond_b,
          kennysheep_generic_room_6
D:4:      layout_loops_cross, nicolae_sif_muna_little_library
D:5:      layout_basic, lemuel_mausoleum_altar_kikubaaqudgha, serial_bayou,
          serial_bayou_lagoon_b, serial_bayou_ford_a, serial_bayou_shore_a,
          serial_bayou_crossing
D:6:      layout_gridville, gup_sewer_entry_glass, serial_shops,
          nicolae_shop_real_fake_doors

Skill      XL: |  1  2  3  4  5 |
---------------+----------------+-----
Fighting       | 3 |  3.7
Shields        | 3 |  3.5
Axes           | 2 3 |  3.6
Armour         | 3 |  3.4
Dodging        | 1 |  1.2
Stealth        | |  0.1

Action                     |  1- 3 |  4- 6 || total
---------------------------+-------+-------++-------
  Melee: War axe           |    72 |    52 ||   124
         Bite              |     9 |     7 ||    16
    Use: Potion            |       |     2 ||     2
 Armour: Scale mail        |    83 |    73 ||   156
  Dodge: Dodged            |    32 |    37 ||    69
  Block: Buckler           |    30 |    10 ||    40

Table legend: (Time is in decaauts)
 A = Elapsed time spent in this place.
 B = Non-inter-level travel time spent in this place.
 C = Inter-level travel time spent in this place.
 D = Time resting spent in this place.
 E = Time spent auto-exploring this place.
 F = Levels seen in this place.
 G = Mean time per level.
                   A        B        C        D        E       F      G
               +--------+--------+--------+--------+--------+-----+--------+
         Total |    867 |    865 |      2 |      0 |      0 |   6 |  144.5 |
       Dungeon |    867 |    865 |      2 |      0 |      0 |   6 |  144.5 |
               +--------+--------+--------+--------+--------+-----+--------+

Top non-repeatable levels by time:
     D:4: 251 daAuts
     D:3: 247 daAuts
     D:5: 130 daAuts
     D:2: 129 daAuts
     D:1: 106 daAuts
     D:6: 1 daAuts
